Cogmind - Beta 11 X8 @@@ ROGUE MODE // 2021.12.18 @ 12:15:50 Player: LU-1G1 Result: Destroyed by H-61 Shepherd with Heavy Assault Cannon Performance ------------- Evolutions (4) 2000 Regions Visited (17) 3400 Robots Destroyed (86) 430 Value Destroyed (2464) 2464 Prototype IDs (239) 4780 Alien Tech Used (0) 0 Bonus (5205) 5205 TOTAL SCORE: 18279 Bonus ------- Follower Combat Kills 929 Network Hubs Disabled 800 Aligned with FarCom 300 Met Data Miner 300 Used Data Conduit 3000 Built Enhanced Grunts 300 A7 Reached Mainframe 300 Friendly Fire -724 Cogmind --------- Core Integrity 0/850 Matter 290/300 Energy 100/100 System Corruption 29% Temperature Cool (2) Movement Flying (35) Location -6/Hub_04(d) Parts ------- > --- POWER (1) -------- (None) > --- PROPULSION (5) --- Cesium-ion Thruster > --- UTILITY (6) ------ Improved Propulsion Shielding Improved Hacking Suite Improved Hacking Suite Improved Hacking Suite > --- WEAPON (3) ------- (None) > --- INVENTORY (5) ---- Experimental Targeting Computer Improved Actuator Array AWS/Autocannon Peak State ------------ > --- POWER ------------ Micro Fission Core > --- PROPULSION ------- VTOL Module Improved Flight Unit Improved VTOL Module Improved VTOL Module Nuclear Pulse Thruster > --- UTILITY ---------- Small Storage Unit Advanced Visual Processing Unit Centrium Medium Armor Plating Improved Hacking Suite Improved Hacking Suite Improved Hacking Suite > --- WEAPON ----------- Power Sword Phasing Sabre Spear > --- INVENTORY -------- Improved Actuator Array Improved Transmission Jammer Improved Propulsion Shielding Improved Propulsion Shielding Improved Propulsion Shielding AWS/Autocannon [Rating: 71] Favorites ----------- Power Light Ion Engine Engine Light Ion Engine Power Core Micro Nuclear Core Propulsion Improved Treads Treads Improved Treads Leg Aluminum Leg Wheel Wheel Flight Unit Improved VTOL Module Utility Large Storage Unit Device Advanced Weight Redist. System Storage Large Storage Unit Processor Advanced Visual Processing Unit Hackware Improved Hacking Suite Protection Hardened Light Armor Plating Weapon Assault Rifle Energy Gun Small Laser Ballistic Gun Assault Rifle Ballistic Cannon Light Cannon Launcher Rocket Launcher Impact Weapon Makeshift Hammer Slashing Weapon Power Sword Piercing Weapon Spear Build | -11 -10 -10 -9 -9 -9 -8 -8 -7 -7 -7 -7 -6 -6 -6 -6 -6 -6 ------- Run | Scr Mat Min Mat Min Exi Min Mat Fac Low Low Dat Pro Fac Ext Cet Arc Hub Slots Evolved 8 | . . . 2 . . . 2 2 . . . . 2 . . . . Power . | . . . . . . . . . . . . . . . . . . Propulsion 3 | . . . 1 . . . 1 . . . . . 1 . . . . Utility 4 | . . . 1 . . . 1 2 . . . . . . . . . Weapon 1 | . . . . . . . . . . . . . 1 . . . . Parts Attached 102 | 6 6 2 20 2 . 2 5 19 7 5 . 3 8 4 2 6 5 Power 12 | 1 . . 6 . . . . 3 . . . 1 . . . 1 . Engine 7 | 1 . . 6 . . . . . . . . . . . . . . Core 5 | . . . . . . . . 3 . . . 1 . . . 1 . Reactor . | . . . . . . . . . . . . . . . . . . Propulsion 25 | 2 3 . 7 . . . 2 4 1 1 . . 1 2 . . 2 Treads 9 | 2 2 . 4 . . . 1 . . . . . . . . . . Leg 2 | . . . 2 . . . . . . . . . . . . . . Wheel 1 | . . . 1 . . . . . . . . . . . . . . Hover . | . . . . . . . . . . . . . . . . . . Flight 13 | . 1 . . . . . 1 4 1 1 . . 1 2 . . 2 Utility 37 | 1 2 2 2 1 . 1 2 7 3 1 . 1 4 1 2 5 2 Device 12 | . 1 . 1 . . . 1 2 1 . . 1 2 1 1 1 . Storage 5 | 1 1 . . 1 . 1 . 1 . . . . . . . . . Processor 6 | . . . . . . . . 4 2 . . . . . . . . Hackware 3 | . . . . . . . . . . . . . . . . 3 . Protection 11 | . . 2 1 . . . 1 . . 1 . . 2 . 1 1 2 Artifact . | . . . . . . . . . . . . . . . . . . Weapon 28 | 2 1 . 5 1 . 1 1 5 3 3 . 1 3 1 . . 1 Energy Gun 1 | . . . . 1 . . . . . . . . . . . . . Energy Cannon . | . . . . . . . . . . . . . . . . . . Ballistic Gun 8 | 2 1 . 3 . . 1 1 . . . . . . . . . . Ballistic Cannon 1 | . . . 1 . . . . . . . . . . . . . . Launcher 5 | . . . 1 . . . . 2 1 1 . . . . . . . Special Weapon . | . . . . . . . . . . . . . . . . . . Impact Weapon 3 | . . . . . . . . 2 1 . . . . . . . . Slashing Weapon 8 | . . . . . . . . 1 1 1 . . 3 1 . . 1 Piercing Weapon 2 | . . . . . . . . . . 1 . 1 . . . . . Special Melee Weapon . | . . . . . . . . . . . . . . . . . . Unidentified Prototypes 6 | . 1 . 2 . . . 2 . 1 . . . . . . . . Corrupted Parts 1 | . . . . . . . . . . . . . . . . . 1 System Corruption 10 | . . . . . . . . . . . . . . . . . 10 Parts Lost 38 | . . . 10 1 . 2 2 . 4 3 1 1 . . . 2 12 Power 4 | . . . 2 . . . . . . . 1 . . . . . 1 Propulsion 11 | . . . 3 . . . 1 . 1 1 . . . . . . 5 Utility 12 | . . . 2 . . . 1 . 2 1 . 1 . . . 2 3 Weapon 11 | . . . 3 1 . 2 . . 1 1 . . . . . . 3 Highest Loss Streak 12 | . . . 5 1 . 2 2 . 4 2 1 1 . . . 2 12 Average Slot Usage (%) 91 | . 97 100 80 94 93 79 77 95 93 89 84 83 86 100 100 98 94 Engine 8 | . 14 14 9 11 11 11 9 . . . . . . . . . . Core 1 | . . . . . . . . 7 7 7 7 7 6 6 6 6 5 Treads 21 | . 28 28 21 33 33 33 32 . . . . . . . . . . Flight 8 | . . . . . . . . 29 30 30 30 30 31 33 33 33 31 Device 4 | . 11 1 8 . . . 2 12 15 9 7 6 6 13 13 2 . Storage 11 | . 14 14 11 17 16 11 9 7 7 7 7 7 6 6 6 6 5 Processor 2 | . . . . . . . . 14 12 15 15 15 7 6 6 6 5 Protection 8 | . . 12 3 11 11 11 7 7 7 5 7 7 15 13 13 10 6 Energy Gun 2 | . . . . 5 11 1 . . . . . . . . . . . Ballistic Gun 10 | . 28 28 16 5 . 9 16 . . . . . . . . . . Ballistic Cannon 3 | . . . 2 11 11 1 . . . . . . . . . . . Slashing Weapon 1 | . . . . . . . . 6 4 5 . . 3 13 13 13 12 Piercing Weapon 1 | . . . . . . . . . . 5 7 7 6 6 6 6 5 Naked Turns . | . . . . . . . . . . . . . . . . . . Heaviest Build 171 | 11 26 29 39 114 112 171 94 20 20 20 16 17 28 31 32 32 21 Greatest Support 92 | 40 46 26 69 69 69 69 92 20 20 20 19 19 34 34 34 34 25 Greatest Overweight (x) 10 | 1 . 1 10 1 1 2 1 . 1 . . . . 2 . 1 . Average Overweight (x) . | . . . . . 1 1 . . . . . . . . . . . Largest Inventory Capacity 25 | 8 15 15 15 25 25 25 25 25 8 8 8 8 8 8 8 8 8 Average Capacity 16 | 7 12 15 15 20 25 25 25 10 8 8 8 8 8 8 8 8 7 Most Carried 25 | 6 15 15 15 18 25 25 25 25 8 8 8 8 8 8 8 8 8 Average Carried 14 | 2 10 15 14 16 22 24 24 9 7 7 8 7 7 8 8 7 7 Final Capacity 25 | 8 15 15 15 25 25 25 25 8 8 8 8 8 8 8 8 8 5 Final Carried 25 | 6 15 15 15 18 22 25 25 8 8 8 8 8 8 8 8 8 5 Class Distribution -------------------- 71% | Mutant 18% | Sprinter 3% | Derelict-Sprinter Dominant Class ---------------- Mutant | -10/Materials Mutant | -10/Mines Mutant | -9/Materials Mutant | -9/Mines Mutant | -9/Exiles Mutant | -8/Mines Mutant | -8/Materials Sprinter | -7/Factory Sprinter | -7/Lower Caves Sprinter | -7/Lower Caves Sprinter | -7/Data Miner Sprinter | -6/Proximity Caves Sprinter | -6/Factory Derelict-Sprinter | -6/Extension Sprinter | -6/Cetus Commander-Mutant | -6/Archives Hacker-Sprinter | -6/Hub_04(d) Resources | -11 -10 -10 -9 -9 -9 -8 -8 -7 -7 -7 -7 -6 -6 -6 -6 -6 -6 ----------- Run | Scr Mat Min Mat Min Exi Min Mat Fac Low Low Dat Pro Fac Ext Cet Arc Hub Matter Collected 2262 | 237 314 149 196 280 . 128 220 107 162 145 . 35 101 80 46 60 2 Remotely . | . . . . . . . . . . . . . . . . . . Salvage Created 3022 | . 357 79 483 179 . 228 372 121 72 139 . 22 101 184 74 386 225 Parts 160 | . 20 5 30 8 . 15 21 7 3 7 . . 4 7 1 20 12 Haulers Intercepted 5 | . 1 . 1 . . . 1 1 . . . . 1 . . . . Recyclers Shooed 4 | . . . 2 . . 1 1 . . . . . . . . . . Parts Field Recycled . | . . . . . . . . . . . . . . . . . . Retrieved Matter . | . . . . . . . . . . . . . . . . . . Parts Self-Destructed 7 | . . . . . . . . . 2 3 . 2 . . . . . Prevented . | . . . . . . . . . . . . . . . . . . Kills | -11 -10 -10 -9 -9 -9 -8 -8 -7 -7 -7 -7 -6 -6 -6 -6 -6 -6 ------- Run | Scr Mat Min Mat Min Exi Min Mat Fac Low Low Dat Pro Fac Ext Cet Arc Hub Combat Hostiles Destroyed 50 | . 6 2 13 3 . 6 6 2 3 4 . 1 . 2 1 1 . Melee 8 | . . . . 1 . . . 1 . 1 . 1 . 2 1 1 . Guns 30 | . 6 2 10 . . 6 6 . . . . . . . . . . Cannons 1 | . . . . 1 . . . . . . . . . . . . . AOE 10 | . . . 3 . . . . 1 3 3 . . . . . . . Classes Destroyed 13 | . 6 . 2 1 . 1 . 1 . 1 . . . . . 1 . Worker 7 | . 1 . 2 . . . 1 . . . . . . . . . 3 Builder 4 | . . . . . . 1 . 1 . . . . . 1 . . 1 Tunneler 1 | . . . . 1 . . . . . . . . . . . . . Hauler 5 | . 1 . 1 . . . 1 1 . . . . 1 . . . . Recycler 1 | . 1 . . . . . . . . . . . . . . . . Operator 9 | . . . . . . . . . . . . . . . . 9 . Watcher 7 | . 1 . 3 . . . 1 . . . . . . 1 . . 1 Swarmer 22 | . 3 . 7 . . 3 . 1 3 4 . 1 . . . . . Grunt 22 | . 3 2 4 3 . 4 6 . . . . . . . . . . Duelist 1 | . . . 1 . . . . . . . . . . . . . . Sentry 4 | . . . 1 . . . . . . . . . . 2 . 1 . Hunter 1 | . . . . . . . . 1 . . . . . . . . . Cetus Guard 1 | . . . . . . . . . . . . . . . 1 . . Enhanced Grunt 1 | . . . . . . . . . . . . . . . . . 1 Samaritan 1 | . . . . . . . . . . 1 . . . . . . . Best Kill Streak 7 | . 5 1 7 3 . 3 4 3 3 4 . 1 1 1 1 3 5 Combat Bots Only 6 | . 3 1 6 3 . 3 3 2 3 4 . 1 . 1 1 1 . Max Kills in Single Turn 3 | . 1 1 2 1 . 2 2 1 1 3 . 1 1 1 1 1 3 Gunslinging . | . . . . . . . . . . . . . . . . . . Exploded 3 | . . . 2 . . . . 1 1 3 . . . . . . . Melee 1 | . . . . 1 . . . 1 . 1 . 1 . 1 1 1 . Uniques/NPCs Destroyed . | . . . . . . . . . . . . . . . . . . Combat | -11 -10 -10 -9 -9 -9 -8 -8 -7 -7 -7 -7 -6 -6 -6 -6 -6 -6 -------- Run | Scr Mat Min Mat Min Exi Min Mat Fac Low Low Dat Pro Fac Ext Cet Arc Hub Damage Taken 5085 | . 247 182 971 164 . 363 312 133 429 402 187 79 . 101 20 96 1399 Core 1406 | . 42 33 165 31 . 24 13 22 . 68 91 48 . 21 . . 848 Absorbed by Shields 98 | . . . . . . . . . . . . . . 78 20 . . Core Remaining (%) 75 | 100 . 70 . . . 45 97 . . . . 67 . . . . . Volleys Fired 159 | . 43 13 45 8 . 14 26 4 3 3 . . . . . . . Largest 2 | . 2 2 2 2 . 2 2 1 1 1 . . . . . . . Hottest 75 | . 40 40 58 58 . 75 48 33 33 39 . . . . . . . Shots Fired 282 | . 86 26 72 14 . 26 49 4 3 2 . . . . . . . Gun 246 | . 86 26 58 6 . 21 49 . . . . . . . . . . Cannon 24 | . . . 11 8 . 5 . . . . . . . . . . . Launcher 12 | . . . 3 . . . . 4 3 2 . . . . . . . Special . | . . . . . . . . . . . . . . . . . . Kinetic 257 | . 86 26 69 14 . 13 49 . . . . . . . . . . Thermal 13 | . . . . . . 13 . . . . . . . . . . . Explosive 12 | . . . 3 . . . . 4 3 2 . . . . . . . Electromagnetic . | . . . . . . . . . . . . . . . . . . Robot Hit Streak 13 | . 10 5 13 7 . 10 8 1 1 . . . . . . . . Robot Miss Streak 6 | . 6 3 3 1 . 1 4 2 1 . . . . . . . . Penetration Max . | . . . . . . . . . . . . . . . . . . Secondary Targets 4 | . 2 . 1 . . 1 . . . . . . . . . . . Max Gunslinging Chain 1 | . 1 . 1 . . 1 . . . . . . . . . . . Shots Hit Robots 229 | . 51 14 50 12 . 22 37 4 3 3 1 1 2 11 1 17 . Core Hits 139 | . 16 7 26 4 . 12 23 6 5 9 . 1 1 4 1 9 15 Critical Kills 1 | . . . 1 . . . . . . . . . . . . . . Critical Parts Destroyed . | . . . . . . . . . . . . . . . . . . Critical Strikes 2 | . . . 1 . . . . . . . . 1 . . . . . Destroy 1 | . . . 1 . . . . . . . . . . . . . . Puncture 1 | . . . . . . . . . . . . 1 . . . . . Melee Attacks 122 | . . . . . . . . 5 5 7 5 10 33 27 3 22 5 Impact 7 | . . . . . . . . 4 3 . . . . . . . . Slashing 75 | . . . . . . . . 1 2 3 . . 20 23 3 18 5 Piercing 40 | . . . . . . . . . . 4 5 10 13 4 . 4 . Sneak Attacks 20 | . . . . . . . . 3 . 1 1 . 1 2 . 12 . Combat Hostiles 2 | . . . . . . . . 1 . . . . . . . 1 . Follow-up Attacks 5 | . . . . . . . . 1 . . . . . 2 . 2 . Damage Inflicted 8580 | . 569 181 1017 205 . 304 601 459 378 476 97 26 150 660 59 2358 1040 Guns 2261 | . 556 151 639 74 . 248 593 . . . . . . . . . . Cannons 226 | . . . 63 117 . 46 . . . . . . . . . . . Explosions 2028 | . . . 269 . . . . 155 276 288 . . . . . . 1040 Melee 3944 | . . . . . . . . 304 102 188 97 26 150 660 59 2358 . Ramming 121 | . 13 30 46 14 . 10 8 . . . . . . . . . . Kinetic 2353 | . 556 151 702 191 . 160 593 . . . . . . . . . . Thermal 134 | . . . . . . 134 . . . . . . . . . . . Explosive 988 | . . . 269 . . . . 155 276 288 . . . . . . . Electromagnetic 1040 | . . . . . . . . . . . . . . . . . 1040 Impact 322 | . . . . . . . . 220 102 . . . . . . . . Slashing 3155 | . . . . . . . . 84 . 41 . . 150 575 59 2246 . Piercing 467 | . . . . . . . . . . 147 97 26 . 85 . 112 . Highest Corruption 29 | . . . 3 3 3 3 3 . 16 16 16 16 2 3 3 3 29 Average Corruption 5 | . . . 3 3 3 3 3 . 16 16 16 16 1 2 3 2 8 Corruption Purged 3 | . . . . . . . . . . . . . . . . 3 . Effects 110 | . . . 7 14 19 11 1 . 3 11 3 28 1 4 4 1 3 Message Errors 28 | . . . 2 5 5 3 . . 1 1 . 8 1 . 2 . . Matter Fused 34 | . . . 1 6 6 4 . . 1 3 1 8 . 1 2 . 1 Heat Flow Errors 13 | . . . 1 . 2 2 . . 1 1 . 4 . 1 . 1 . Energy Discharges 15 | . . . 2 3 4 1 1 . . 1 1 1 . 1 . . . Parts Rejected 2 | . . . . . . . . . . . . . . . . . 2 Data Loss (minor) 9 | . . . . . 2 1 . . . 1 . 4 . 1 . . . Data Loss (major) 2 | . . . . . . . . . . 1 . 1 . . . . . Alerts 3 | . . . . . . . . . . . 1 2 . . . . . Misdirections 2 | . . . . . . . . . . 2 . . . . . . . Weapon Failures 2 | . . . 1 . . . . . . 1 . . . . . . . Overload Shots . | . . . . . . . . . . . . . . . . . . Overflow Damage 1422 | . . . 27 . . . . 65 93 19 . . . 153 . 1039 26 Projectiles . | . . . . . . . . . . . . . . . . . . Explosions 77 | . . . 27 . . . . 5 . 19 . . . . . . 26 Melee 1345 | . . . . . . . . 60 93 . . . . 153 . 1039 . Knockbacks 5 | . . . . 2 . 2 . . 1 . . . . . . . . Impact 2 | . . . . . . 1 . . 1 . . . . . . . . Kinetic 3 | . . . . 2 . 1 . . . . . . . . . . . Secondary . | . . . . . . . . . . . . . . . . . . Self-Inflicted Damage 623 | . . . 185 . . . . 7 55 49 . . . . . . 327 Shots 10 | . . . 3 . . . . 1 2 1 . . . . . . 3 Rammed 23 | . 2 8 7 3 . 1 2 . . . . . . . . . . Targets Rammed 26 | . 2 8 7 5 . 2 2 . . . . . . . . . . Kicked . | . . . . . . . . . . . . . . . . . . Crushed 3 | . . . . 2 . 1 . . . . . . . . . . . Highest Temperature 271 | . 12 46 199 61 150 271 51 . 204 201 1 169 . 271 3 159 9 Average Temperature 60 | . 7 17 27 30 81 115 15 . 127 101 1 79 . 119 3 78 4 Received Heat Transfer 982 | . 84 105 180 111 . 189 198 18 . . 24 . . 27 4 18 24 Effects 2 | . . . . . . 1 . . . . . . . 1 . . . Energy Bleed 2 | . . . . . . 1 . . . . . . . 1 . . . Siege Activations . | . . . . . . . . . . . . . . . . . . Robots Corrupted 1 | . . . . . . . . . . . . . . . . . 1 Combat Hostiles . | . . . . . . . . . . . . . . . . . . Parts Fried 9 | . . . . . . . . 3 . . . . . 2 . . 4 Impact Corruptions 5 | . . . . . . . . 1 4 . . . . . . . . Robots Melted . | . . . . . . . . . . . . . . . . . . Combat Hostiles . | . . . . . . . . . . . . . . . . . . Parts Melted 1 | . . . . 1 . . . . . . . . . . . . . Heat Transferred 300 | . . . . . . 300 . . . . . . . . . . . Parts Sabotaged . | . . . . . . . . . . . . . . . . . . Parts Stolen . | . . . . . . . . . . . . . . . . . . Parts Stripped . | . . . . . . . . . . . . . . . . . . Power Chain Reactions . | . . . . . . . . . . . . . . . . . . Missiles Intercepted . | . . . . . . . . . . . . . . . . . . Alert | -11 -10 -10 -9 -9 -9 -8 -8 -7 -7 -7 -7 -6 -6 -6 -6 -6 -6 ------- Run | Scr Mat Min Mat Min Exi Min Mat Fac Low Low Dat Pro Fac Ext Cet Arc Hub Peak Influence 775 | . 171 45 227 157 . 125 139 237 . . . . 96 300 299 409 775 Initial 165 | . . . . 88 . . . 12 . . . . 16 46 165 119 142 Average 83 | . 24 11 112 53 . 59 43 100 . . . . 45 233 245 352 527 Maximum Alert Level 3 | . . . 1 . . . . 1 . . . . . 1 1 2 3 Low Security (%) 86 | 100 100 100 85 100 . 100 100 83 . . . . 100 31 22 10 18 Level 1 11 | . . . 14 . . . . 16 . . . . . 68 77 64 12 Level 2 1 | . . . . . . . . . . . . . . . . 25 37 Level 3 . | . . . . . . . . . . . . . . . . . 31 Level 4 . | . . . . . . . . . . . . . . . . . . Level 5 . | . . . . . . . . . . . . . . . . . . High Security . | . . . . . . . . . . . . . . . . . . Max Security . | . . . . . . . . . . . . . . . . . . Squads Dispatched 19 | . 2 . 1 . . 1 1 . . . . . 4 6 1 . 3 Investigation 15 | . 2 . 1 . . 1 . . . . . . 3 6 1 . 1 Extermination . | . . . . . . . . . . . . . . . . . . Reinforcement 4 | . . . . . . . 1 . . . . . 1 . . . 2 Assault . | . . . . . . . . . . . . . . . . . . Garrison . | . . . . . . . . . . . . . . . . . . Intercept . | . . . . . . . . . . . . . . . . . . Construction Impeded 1 | . . . . . . . 1 . . . . . . . . . . Haulers Reinforced . | . . . . . . . . . . . . . . . . . . Active Scanning Responses . | . . . . . . . . . . . . . . . . . . Cargo Convoy Interrupts . | . . . . . . . . . . . . . . . . . . Stealth | -11 -10 -10 -9 -9 -9 -8 -8 -7 -7 -7 -7 -6 -6 -6 -6 -6 -6 --------- Run | Scr Mat Min Mat Min Exi Min Mat Fac Low Low Dat Pro Fac Ext Cet Arc Hub Distress Signals 7 | . . . 1 . . . . 1 . . . . . 2 1 . 2 Communications Jammed . | . . . . . . . . . . . . . . . . . . Distress Signals . | . . . . . . . . . . . . . . . . . . Times Spotted 123 | . 13 3 21 5 . 6 10 7 3 7 4 3 2 12 4 11 12 Peak Tracking Total 7 | . 4 2 7 3 . 3 2 3 3 4 4 3 1 4 4 2 6 Tactical Retreats 7 | . . 1 2 . . . . 1 . . . 1 . 1 . . 1 Traps | -11 -10 -10 -9 -9 -9 -8 -8 -7 -7 -7 -7 -6 -6 -6 -6 -6 -6 ------- Run | Scr Mat Min Mat Min Exi Min Mat Fac Low Low Dat Pro Fac Ext Cet Arc Hub Traps Triggered 6 | . 1 . 1 . . . . . . . . . . 1 . . 3 Indirectly 2 | . . . . . . . . . . . . . . . . . 2 Trap Hack Attempts . | . . . . . . . . . . . . . . . . . . Triggered . | . . . . . . . . . . . . . . . . . . Disarmed . | . . . . . . . . . . . . . . . . . . Reprogrammed . | . . . . . . . . . . . . . . . . . . Reused . | . . . . . . . . . . . . . . . . . . Traps Extracted . | . . . . . . . . . . . . . . . . . . Installed . | . . . . . . . . . . . . . . . . . . Triggered 2 | . . . . . . . . . 1 . . . . 1 . . . Machines | -11 -10 -10 -9 -9 -9 -8 -8 -7 -7 -7 -7 -6 -6 -6 -6 -6 -6 ---------- Run | Scr Mat Min Mat Min Exi Min Mat Fac Low Low Dat Pro Fac Ext Cet Arc Hub Machines Disabled 30 | . . . 3 . . 1 . . . . . . 1 1 1 1 22 Max in Single Turn 9 | . . . 2 . . . . . . . . . 1 1 . . 9 Network Hub 4 | . . . . . . . . . . . . . . . . . 4 Energy Cycler 1 | . . . . . . . . . . . . . . 1 . . . Machines Sabotaged . | . . . . . . . . . . . . . . . . . . Garrisons Compromised . | . . . . . . . . . . . . . . . . . . Overloaded Fab Kills . | . . . . . . . . . . . . . . . . . . Hacking | -11 -10 -10 -9 -9 -9 -8 -8 -7 -7 -7 -7 -6 -6 -6 -6 -6 -6 --------- Run | Scr Mat Min Mat Min Exi Min Mat Fac Low Low Dat Pro Fac Ext Cet Arc Hub Machines Accessed 43 | . 5 . 2 1 2 1 1 4 . . 3 . 10 12 1 . 1 Terminals 33 | . 5 . 2 1 . 1 1 3 . . . . 6 12 1 . 1 Fabricators 5 | . . . . . . . . 1 . . . . 4 . . . . Repair Stations . | . . . . . . . . . . . . . . . . . . Recycling Units . | . . . . . . . . . . . . . . . . . . Scanalyzers . | . . . . . . . . . . . . . . . . . . Garrison Access . | . . . . . . . . . . . . . . . . . . Total Hacks 136 | . 23 . 6 3 2 3 3 11 . . 26 . 29 26 3 . 1 Successful 66 | . 7 . 2 . 2 2 2 9 . . 26 . 8 7 . . 1 Failed 69 | . 15 . 4 3 . 1 1 2 . . . . 21 19 3 . . Catastrophic 16 | . 2 . 1 . . . 1 . . . . . 5 6 1 . . Database Lockouts 1 | . 1 . . . . . . . . . . . . . . . . Manual 71 | . 19 . 4 3 1 . 3 6 . . . . 22 11 1 . 1 Terminals 92 | . 23 . 6 3 . 3 3 6 . . . . 18 26 3 . 1 Fabricators 16 | . . . . . . . . 5 . . . . 11 . . . . Repair Stations . | . . . . . . . . . . . . . . . . . . Recycling Units . | . . . . . . . . . . . . . . . . . . Scanalyzers . | . . . . . . . . . . . . . . . . . . Garrison Access . | . . . . . . . . . . . . . . . . . . Terminal Hacks 50 | . 6 . 2 . 2 2 2 3 . . 26 . 2 5 . . . Record 8 | . . . . . 1 1 . . . . 6 . . . . . . Part Schematic 14 | . 2 . . . . . . . . . 12 . . . . . . Robot Schematic 5 | . . . . . . . . . . . 5 . . . . . . Prototype ID Bank 3 | . . . . . . . . . . . 3 . . . . . . Open Door 3 | . . . . . . . . . . . . . 1 2 . . . Open DSF 1 | . . . . . . . . 1 . . . . . . . . . Branch Access Points 3 | . 1 . 1 . . . . 1 . . . . . . . . . Terminal Index 1 | . . . . . . . . 1 . . . . . . . . . Alert Level 3 | . . . . . . 1 1 . . . . . . 1 . . . Unreport Threat 5 | . 3 . . . . . 1 . . . . . . 1 . . . Recall Investigation 1 | . . . . . . . . . . . . . 1 . . . . Zone Layout 2 | . . . 1 . . . . . . . . . . 1 . . . EX-Prototype ID Bank 1 | . . . . . 1 . . . . . . . . . . . . Fabricator Hacks 2 | . . . . . . . . 1 . . . . 1 . . . . Network Status 1 | . . . . . . . . 1 . . . . . . . . . Load Schematic 1 | . . . . . . . . . . . . . 1 . . . . Repair Station Hacks . | . . . . . . . . . . . . . . . . . . Recycling Unit Hacks . | . . . . . . . . . . . . . . . . . . Scanalyzer . | . . . . . . . . . . . . . . . . . . Garrison Access Hacks . | . . . . . . . . . . . . . . . . . . Unauthorized Hacks 14 | . 1 . . . . . . 5 . . . . 5 2 . . 1 Terminals 8 | . 1 . . . . . . 1 . . . . 3 2 . . 1 Assimilate 3 | . 1 . . . . . . 1 . . . . 1 . . . . Botnet 3 | . . . . . . . . . . . . . 1 2 . . . Operators 1 | . . . . . . . . . . . . . 1 . . . . Sabotage 1 | . . . . . . . . . . . . . . . . . 1 Fabricators 6 | . . . . . . . . 4 . . . . 2 . . . . Report 1 | . . . . . . . . 1 . . . . . . . . . Liberate 1 | . . . . . . . . 1 . . . . . . . . . Fabnet 2 | . . . . . . . . 1 . . . . 1 . . . . Haulers 2 | . . . . . . . . 1 . . . . 1 . . . . Repair Stations . | . . . . . . . . . . . . . . . . . . Recycling Units . | . . . . . . . . . . . . . . . . . . Scanalyzers . | . . . . . . . . . . . . . . . . . . Garrison Access . | . . . . . . . . . . . . . . . . . . Data Cores Recovered . | . . . . . . . . . . . . . . . . . . Used . | . . . . . . . . . . . . . . . . . . Hacking Detections 35 | . 5 . 2 1 . 1 1 4 . . . . 9 11 1 . . Full Trace Events 12 | . 2 . . . . 1 . . . . . . 3 5 1 . . Feedback Events 2 | . . . . . . . . . . . . . 2 . . . . Corruption 2 | . . . . . . . . . . . . . 2 . . . . Feedback Blocked . | . . . . . . . . . . . . . . . . . . Robot Schematics Acquired 5 | . . . . . . . . . . . 5 . . . . . . Robots Built . | . . . . . . . . . . . . . . . . . . Authchips . | . . . . . . . . . . . . . . . . . . Time . | . . . . . . . . . . . . . . . . . . Total Robot Build Rating . | . . . . . . . . . . . . . . . . . . Part Schematics Acquired 14 | . 2 . . . . . . . . . 12 . . . . . . Parts Built . | . . . . . . . . . . . . . . . . . . Authchips . | . . . . . . . . . . . . . . . . . . Time . | . . . . . . . . . . . . . . . . . . Total Part Build Rating . | . . . . . . . . . . . . . . . . . . Parts Repaired . | . . . . . . . . . . . . . . . . . . Time . | . . . . . . . . . . . . . . . . . . Parts Recycled . | . . . . . . . . . . . . . . . . . . Recycled Matter . | . . . . . . . . . . . . . . . . . . Retrieved Matter . | . . . . . . . . . . . . . . . . . . Retrieved Components . | . . . . . . . . . . . . . . . . . . Parts Scanalyzed . | . . . . . . . . . . . . . . . . . . Part Schematics Acquired . | . . . . . . . . . . . . . . . . . . Parts Damaged . | . . . . . . . . . . . . . . . . . . Bothacking | -11 -10 -10 -9 -9 -9 -8 -8 -7 -7 -7 -7 -6 -6 -6 -6 -6 -6 ------------ Run | Scr Mat Min Mat Min Exi Min Mat Fac Low Low Dat Pro Fac Ext Cet Arc Hub Used RIF Installer . | . . . . . . . . . . . . . . . . . . Robots Hacked 2 | . . . . . . . . . . . . 1 . 1 . . . Non-combat 1 | . . . . . . . . . . . . . . 1 . . . Combat 1 | . . . . . . . . . . . . 1 . . . . . Robot Hacks Applied . | . . . . . . . . . . . . . . . . . . Relay Couplers Released . | . . . . . . . . . . . . . . . . . . Fabnet Peak Effective % 3 | . . . . . . . . . . . . 3 3 3 3 3 3 Autooverrided 2 | . . . . . . . . . . . . 1 . 1 . . . Robots Rewired 3 | . . . . . . . . . . . . . . 3 . . . Allies Hacked . | . . . . . . . . . . . . . . . . . . Hacks Repelled . | . . . . . . . . . . . . . . . . . . Allies | -11 -10 -10 -9 -9 -9 -8 -8 -7 -7 -7 -7 -6 -6 -6 -6 -6 -6 -------- Run | Scr Mat Min Mat Min Exi Min Mat Fac Low Low Dat Pro Fac Ext Cet Arc Hub Total Allies 27 | . 1 . . 6 . . . 1 . . . 1 1 12 5 . . Largest Group 11 | . 1 1 1 4 4 1 . 1 . . . 1 1 11 8 6 5 Highest-Rated Group 634 | . 10 10 10 71 66 16 . 10 . . . 12 10 435 634 634 468 Highest-Rated Ally 159 | . 10 10 10 31 31 16 . 10 . . . 12 10 159 159 159 95 Total Orders . | . . . . . . . . . . . . . . . . . . Ally Attacks 177 | . . . . 29 . 13 . . . . . 3 . 37 52 21 22 Total Damage 4392 | . . . . 385 . 108 . . . . . 43 . 967 1714 878 297 Kills 23 | . . . . 2 . . . . . . . 1 . 10 7 3 . Allies Corrupted 5 | . . . . . . . . . . . . . . . . . 5 Allies Melted 2 | . . . . 1 . . . . . . . . . . 1 . . Intel | -11 -10 -10 -9 -9 -9 -8 -8 -7 -7 -7 -7 -6 -6 -6 -6 -6 -6 ------- Run | Scr Mat Min Mat Min Exi Min Mat Fac Low Low Dat Pro Fac Ext Cet Arc Hub Robot Analysis Total 128 | . . . . . . . . . . . 128 . . . . . . Derelict Logs Recovered 4 | . . 1 . 1 . . . . . . . 2 . . . . . Drone Launches . | . . . . . . . . . . . . . . . . . . Drone Recoveries . | . . . . . . . . . . . . . . . . . . Exploration | -11 -10 -10 -9 -9 -9 -8 -8 -7 -7 -7 -7 -6 -6 -6 -6 -6 -6 ------------- Run | Scr Mat Min Mat Min Exi Min Mat Fac Low Low Dat Pro Fac Ext Cet Arc Hub Turns Passed 9456 | 81 913 1489 738 971 1373 734 542 206 126 164 53 720 318 385 220 333 90 Spaces Moved 6037 | 47 463 634 318 461 571 278 175 438 356 482 126 259 401 390 134 251 253 Core 21 | 11 . . 2 . . . . . . . . . . 2 . . 6 Treads 2859 | 36 463 634 241 461 571 278 175 . . . . . . . . . . Legs 5 | . . . 5 . . . . . . . . . . . . . . Wheels 70 | . . . 70 . . . . . . . . . . . . . . Hover . | . . . . . . . . . . . . . . . . . . Flight 3082 | . . . . . . . . 438 356 482 126 259 401 388 134 251 247 Fastest Speed 25 | 50 160 160 110 160 240 240 160 29 28 27 27 27 25 25 25 25 25 Average Speed 115 | 143 160 224 170 193 240 242 219 29 28 27 27 27 25 25 25 52 26 Slowest Speed 550 | 160 160 240 550 240 240 320 240 29 102 28 27 27 27 150 25 99 50 Overloaded Moves . | . . . . . . . . . . . . . . . . . . Propulsion Burnouts . | . . . . . . . . . . . . . . . . . . Robots Hopped 8 | . . . . . . . . . . . 1 . 1 3 . . 3 Cave-ins Triggered 1 | . . . . . . . . . 1 . . . . . . . . Exploration Rate (%) 53 | 4 65 97 25 88 70 67 18 17 48 66 82 40 15 62 66 80 44 Regions Visited 17 Branch Regions 12 Pre-discovered Areas 27 | . . 1 . . 1 . . . . . 25 . . . . . . Known Exits Taken 5 | . 1 . 1 . . 1 1 1 . . . . . . . . . Unknown Exits Taken 12 | 1 . 1 . 1 1 . . . 1 1 1 1 1 1 1 1 . Scrap Searched 13 | . . 2 . 2 . 1 . . 5 2 . 1 . . . . . Spaces Dug 43 | . . . . . . . . 2 2 2 . 3 25 8 1 . . Terrain Destroyed 644 | . . . 69 . . . . 15 13 33 . 3 25 8 1 . 477 Melee 43 | . . . . . . . . 2 2 2 . 3 25 8 1 . . Projectile . | . . . . . . . . . . . . . . . . . . AOE 601 | . . . 69 . . . . 13 11 31 . . . . . . 477 Terrain Rammed . | . . . . . . . . . . . . . . . . . . Walls Destroyed . | . . . . . . . . . . . . . . . . . . Machines Disabled . | . . . . . . . . . . . . . . . . . . Actions | -11 -10 -10 -9 -9 -9 -8 -8 -7 -7 -7 -7 -6 -6 -6 -6 -6 -6 --------- Run | Scr Mat Min Mat Min Exi Min Mat Fac Low Low Dat Pro Fac Ext Cet Arc Hub Total 8049 | 58 560 669 436 521 577 310 291 513 372 500 135 893 569 637 316 426 266 Wait 1472 | . 19 5 31 39 . 11 78 30 . . 6 620 126 174 178 150 5 Move 6004 | 46 462 633 317 460 570 277 174 437 355 481 123 258 398 383 133 250 247 Hop 8 | . . . . . . . . . . . 1 . 1 3 . . 3 Pick Up 57 | 6 18 3 6 3 3 3 3 2 2 2 . . 4 . . 1 1 Fast Attach 53 | 6 3 1 15 2 . 1 4 2 2 2 . 1 5 1 . 4 4 Attach 23 | . . . 2 . . 1 1 11 2 2 . 2 1 . . . 1 Detach 7 | . . . . . 1 1 . 1 . 1 . 2 1 . . . . Swap 26 | . 3 1 3 . . . . 6 3 1 . . 2 3 2 2 . Drop 63 | . 10 5 10 . 3 . 3 16 2 2 . . 3 3 1 4 1 Fire 159 | . 43 13 45 8 . 14 26 4 3 3 . . . . . . . Melee 99 | . . . . . . . . 4 3 6 5 10 28 22 2 15 4 Ram . | . . . . . . . . . . . . . . . . . . Kick . | . . . . . . . . . . . . . . . . . . Crush 26 | . 2 8 7 5 . 2 2 . . . . . . . . . . Escape Stasis 18 | . . . . . . . . . . . . . . 18 . . . Rewire 34 | . . . . 4 . . . . . . . . . 30 . . . Trap . | . . . . . . . . . . . . . . . . . . Miscellaneous . | . . . . . . . . . . . . . . . . . . Route ------- -11/Scrapyard -10/Materials (discovered 3 exits: *Mat x2 / *Min) -10/Mines (discovered 2 exits: *Mat x2) -9/Materials (discovered 2 exits: Mat / *Min) -9/Mines (discovered 2 exits: *Mat / *Exi) -9/Exiles -8/Mines -8/Materials (discovered 2 exits: *Fac x2) -7/Factory (discovered 2 exits: *Low x2) -7/Lower Caves -7/Lower Caves (discovered 2 exits: *Fac / *Dat) -7/Data Miner -6/Proximity Caves -6/Factory -6/Extension (discovered 2 exits: [*Fac] / *Cet) -6/Cetus -6/Archives (discovered 3 exits: [*Fac] / *Hub x2) -6/Hub_04(d) History --------- Turn | Location | Event 8 | -11/Scrapyard | Discovered new exit (range 15) 82 | -11/Scrapyard | Entered Materials 304 | -10/Materials | Build established: Mutant 418 | -10/Materials | Central database locked down 548 | -10/Materials | Identified exit to Mines 607 | -10/Materials | Discovered new exit (range 16) 753 | -10/Materials | Discovered new exit (range 10) 995 | -10/Materials | Entered Mines 995 | -10/Mines | Accompanied by 1 ally 1211 | -10/Mines | Learned location of 1 exit from Materials 1312 | -10/Mines | A weapon hastily lodged in a ceiling crevice suddenly fell to the ground 1671 | -10/Mines | Found a damaged Exp. Sensor Array with a note attached 1676 | -10/Mines | Found Prototype Device 1718 | -10/Mines | Found a hidden stash of uninstalled traps 2346 | -10/Mines | Discovered new exit (range 14) 2425 | -10/Mines | Discovered new exit (range 10) 2477 | -10/Mines | Learned location of Storage (-8) 2484 | -10/Mines | Entered Materials 2484 | -9/Materials | Accompanied by 1 ally 2484 | -9/Materials | Evolved 2 slots: Propulsion x1, Utility x1 2485 | -9/Materials | Identified exit to Materials 2655 | -9/Materials | Lost 4 parts (1p1u2w) 3037 | -9/Materials | Lost 5 parts (1p3n1w) 3057 | -9/Materials | Identified exit to Mines 3222 | -9/Materials | Entered Mines 3227 | -9/Mines | Met a Derelict bent on vengeance 3392 | -9/Mines | Received a Mining Laser from a helpful Derelict 3411 | -9/Mines | Assisted by bots powering up and referring to "LRC-V3" 3616 | -9/Mines | Discovered exit to Materials (range 6) 4142 | -9/Mines | Deemed a non-threat by the Exiles lab entrance 4142 | -9/Mines | Discovered new exit (range 5) 4193 | -9/Mines | Entered Exiles 4193 | -9/Exiles | Accompanied by 4 allies 4223 | -9/Exiles | Led the pair of lost Derelicts to a safe place 4251 | -9/Exiles | Met 8R-AWN 4292 | -9/Exiles | Met EX-HEX 4412 | -9/Exiles | Met EX-DEC 4457 | -9/Exiles | Learned location of Zion (-6) 4515 | -9/Exiles | Met EX-BIN 4544 | -9/Exiles | Aligned with FarCom system 4546 | -9/Exiles | Given EX-Vault access code 4604 | -9/Exiles | Opened EX-Vault 4625 | -9/Exiles | Found Army-in-a-Box 4672 | -9/Exiles | Warned to stay clear of 0b10 Research branches 4886 | -9/Exiles | Discovered new exit (range 11) 5335 | -9/Exiles | Found AWS/Autocannon 5566 | -9/Exiles | Left Exiles lab with AWS/Autocannon 5566 | -9/Exiles | Entered Mines 5566 | -8/Mines | Accompanied by 2 allies 5571 | -8/Mines | Core integrity fell below 50% 6281 | -8/Mines | Discovered exit to Materials (range 9) 6300 | -8/Mines | Entered Materials 6300 | -8/Materials | Evolved 2 slots: Propulsion x1, Utility x1 6301 | -8/Materials | Identified exit to Factory 6710 | -8/Materials | Discovered exit to Factory (range 15) 6842 | -8/Materials | Entered Factory 6842 | -7/Factory | Evolved 2 slots: Utility x2 6974 | -7/Factory | Identified exit to Lower Caves 7048 | -7/Factory | Entered Lower Caves 7115 | -7/Lower Caves | Crushed by falling debris 7115 | -7/Lower Caves | System corruption reached 10% 7117 | -7/Lower Caves | Identified Exp. Sensor Array 7138 | -7/Lower Caves | Build established: Sprinter 7146 | -7/Lower Caves | Lost 4 parts (1n2u1w) 7167 | -7/Lower Caves | Discovered new exit (range 14) 7174 | -7/Lower Caves | Entered another Lower Caves area 7222 | -7/Lower Caves | Discovered new exit (range 10) 7334 | -7/Lower Caves | Discovered new exit (range 16) 7338 | -7/Lower Caves | Entered Data Miner 7338 | -7/Data Miner | Discovered new exit (range 6) 7343 | -7/Data Miner | Met Data Miner 7350 | -7/Data Miner | Learned location of Section 7 (-3) 7350 | -7/Data Miner | Acquired the access code to Warlord's prototype stash 7354 | -7/Data Miner | Received God Mode back door access code from Data Miner 7367 | -7/Data Miner | Interfaced with the Data Conduit 7391 | -7/Data Miner | Entered Proximity Caves 8042 | -6/Proximity Caves | Learned Factory trap positions 8104 | -6/Proximity Caves | Discovered new exit (range 9) 8106 | -6/Proximity Caves | Learned 8 Factory zone layouts 8111 | -6/Proximity Caves | Entered Factory 8111 | -6/Factory | Evolved 2 slots: Propulsion x1, Weapon x1 8113 | -6/Factory | Loaded intel: 130 trap records 8114 | -6/Factory | Loaded intel: 254 machine locations 8428 | -6/Factory | Discovered new exit (range 5) 8429 | -6/Factory | Entered Extension 8430 | -6/Extension | Loaded intel: 40 machine locations 8441 | -6/Extension | Rescued A7 8545 | -6/Extension | Rescued a captive Derelict 8547 | -6/Extension | Rescued a captive Derelict 8607 | -6/Extension | Energy Cycler disabled 8607 | -6/Extension | Rescued a captive Derelict 8608 | -6/Extension | Rescued a captive Derelict 8609 | -6/Extension | Rescued a captive Derelict 8612 | -6/Extension | Rescued a captive Derelict 8612 | -6/Extension | Rescued a captive Derelict 8613 | -6/Extension | Rescued a captive Derelict 8621 | -6/Extension | Rescued a captive Derelict 8747 | -6/Extension | Discovered new exit (range 10) 8747 | -6/Extension | Discovered new exit (range 6) 8808 | -6/Extension | Build established: Derelict-Sprinter 8814 | -6/Extension | Entered Cetus 8814 | -6/Cetus | Accompanied by 8 allies (A7) 8815 | -6/Cetus | Loaded intel: 24 machine locations 8819 | -6/Cetus | Acquired a Cetus Manufacturing Module code from A7 8829 | -6/Cetus | Spotted Cetus Guard 8829 | -6/Cetus | Spotted Cetus Guard 8830 | -6/Cetus | Spotted Cetus Guard 8833 | -6/Cetus | Spotted Cetus Guard 8861 | -6/Cetus | Destroyed Cetus Guard 8872 | -6/Cetus | Started Cetus Manufacturing Module 8897 | -6/Cetus | Manufactured an Enhanced Grunt 8922 | -6/Cetus | Manufactured an Enhanced Grunt 8947 | -6/Cetus | Manufactured an Enhanced Grunt 8972 | -6/Cetus | Manufactured an Enhanced Grunt 8986 | -6/Cetus | Escorted A7 to Cetus Mainframe 8989 | -6/Cetus | Discovered new exit (range 19) 8997 | -6/Cetus | Manufactured an Enhanced Grunt 9034 | -6/Cetus | Entered Archives 9034 | -6/Archives | Accompanied by 6 allies (A7) 9035 | -6/Archives | Loaded intel: 8 machine locations 9039 | -6/Archives | Received a hacking code to weaken MAIN.C 9085 | -6/Archives | Discovered new exit (range 17) 9155 | -6/Archives | Discovered new exit (range 15) 9208 | -6/Archives | Discovered new exit (range 20) 9367 | -6/Archives | Entered Hub_04(d) 9367 | -6/Hub_04(d) | Accompanied by 5 allies 9368 | -6/Hub_04(d) | Loaded intel: 106 machine locations 9384 | -6/Hub_04(d) | Network Hub disabled 9395 | -6/Hub_04(d) | Network Hub disabled 9418 | -6/Hub_04(d) | Spotted Lightning 9420 | -6/Hub_04(d) | Network Hub disabled 9420 | -6/Hub_04(d) | Spotted Lightning 9420 | -6/Hub_04(d) | Spotted Lightning 9427 | -6/Hub_04(d) | System corruption reached 10% 9435 | -6/Hub_04(d) | Found Exp. Targeting Computer 9443 | -6/Hub_04(d) | Network Hub disabled 9444 | -6/Hub_04(d) | Core integrity fell below 50% 9450 | -6/Hub_04(d) | Core integrity fell below 20% 9457 | -6/Hub_04(d) | Destroyed by H-61 Shepherd with Heavy Assault Cannon Last Messages --------------- 09447_ Acquired VTOL Module. 09447_ Knocked back. 09448_ Acquired 2 matter. 09448_ Penetrated by EMDS Slug. 09448_ Mic. Fission Core destroyed. 09448_ Power Sword destroyed. 09448_ Penetrated by EMDS Slug. 09450_ H-61 Shepherd calls for reinforcements. 09450_ ALERT: Suspicious intruders detected, dispatching Cutter reinforcements to area. 09450_ Phasing Sabre destroyed. 09450_ Imp. Flight Unit destroyed. 09450_ Imp. VTOL Module destroyed. 09450_ VTOL Module destroyed. 09450_ Knocked back. 09450_ Penetrated by EMDS Slug. 09453_ Acquired Corrupted Cesium-ion Thruster. 09453_ Integrated Corrupted Cesium-ion Thruster (+10). 09454_ Penetrated by EMDS Slug. 09456_ EMDS Slug penetrates Wall. Map ----- +----------------------------------------------------+ | """"??????????""????""""?""""?????????# #???? | | """"???????????G????""""?""""?????????#####/##???? | | """"??????????""????""""?""""?????????????# #????? | | ??????????????""??????????????????????????#+###### | | ??????????????""????""""?""""?????????????# | | ????????????????????""""?""""?????????????# " " " | | ???????????"""??????""""?""""?????????????# " " " | | ????????????????????""""?""""?????????????# " " " | | ?????????????????????????????????????T????# | | ????????????????????????????????????""????# " " " | | ???????????????????????????#??????????????# " " " | | ???????????????????????o??? ?????????????# " " " | | ?????????????????????????? ?????????????# | | ?????????""??"""?????????? ?###+##??????########+ | | T"???????""???T"?????????? ?+ ### | | ?????????""??"""?????"?"?? ???? kk / | | ?????????T??? ???????"?"?? ???? ?### | | ?????????""??? ?????"?"?? ??? ????# ####+ | | ?????????""?????=????????? #??? ?????# ## | | ?????????""?????? ##+##?## #?? ????### ## !! | | ???"""???????????? ### ??????+ ## !! | | ???????????????????? # ; ???????### ## !! | | ??"?"??????????ss?s?? u #;;;;;##?????????# ^## | | ??"T"????????????????? ; # ##### ## | | ??"""????????BB????????#; # ## | | ?????????????BB????????#;@ # + | | ???????????????????????##% # ## | | ???????????????????????#; #| ########## ! | | ????????????????????"??## #####??? "T" ?# | | ????????????????????"??#; #???????? ? ## | | ????????????????????"??#; ! ]#???????? / ## | | ???????????????????????##[ ]#??????? ##### | | ????????????????????????# ! #??????#! ! #### | | ?????????????c?c????????# #??????# # | | ?????????????Y?????????? #??????# """" # | | ??????????????c?????#???# !#??????# """" / | | ????????????????????# ??#;;;;;##??????# """" # | | ????????????????????# ### #?????????"""" #? | | ????????????????????# #??????????? #?? | | ????????????????????# [##############/####/ | | ????????????????????###+##Hhhh | | ????????????????????????## i ####### | | ?????????""" ????????# ##???## ## ##### | | ?????????? ]==????# ##### # | | ?????????""" "" ]== # % # | | ????????? ]= ! | | ????????????????#### ! ! | | ???????????????????# | | ???????????????????# % | | ???????????????????# ! | +----------------------------------------------------+ Best States ------------- Heat Dissipation 56 Energy Generation 18 Energy Capacity 280 Matter Stores 300 Matter Capacity 300 Sight Range 20 Robot Scan Range 20 Terrain Scan Density 210 Additional Mass Support 9 Armor Coverage 225 Propulsion Shielding 66 Evasion (%) 65 Launcher Accuracy 20 Armor Integrity Analysis 20 Recoil Reduction 4 Offensive Hacking 36 Item Schematics ----------------- Huge Storage Unit | -10/Materials | Hacked Med. Storage Unit | -10/Materials | Hacked Combat Drone Bay | -7/Data Miner | Free Lgt. Regenerative Plating | -7/Data Miner | Free Cld. Cesium-ion Thruster | -7/Data Miner | Free Gravity Neutralizing Apparatus | -7/Data Miner | Free Antimatter Cannon | -7/Data Miner | Free Gyrokinetic Inverter | -7/Data Miner | Free Adv. Hacking Suite | -7/Data Miner | Free Wave Gun | -7/Data Miner | Free Adv. Cooling System | -7/Data Miner | Free Imp. Component Analysis Suite | -7/Data Miner | Free Field Propulsion Array | -7/Data Miner | Free Point Defense Array | -7/Data Miner | Free Robot Schematics ------------------ B-48 Gladiator | -7/Data Miner | Free S-27 Virus | -7/Data Miner | Free H-66 Slayer | -7/Data Miner | Free M-22 Extractor | -7/Data Miner | Free Y-54 Guardian | -7/Data Miner | Free Fabricated ------------ Nothing Alien Tech Used ----------------- None Achievements -------------- None Challenges ------------ None Game ------ Seed ScatterWeightTrap Manual? 0 Play Time 01:25:49 Cumulative 430.3 hours Start 2021.12.15 @ 10:17:39 End 2021.12.18 @ 12:15:50 Sessions 9 Manual Loads 0 Difficulty Rogue Special Mode None Game No. 414 Rogue 199 Adventurer 112 Explorer 103 Win Type - Total 29 Types 21/0/5/2/0/0/0/1/0 Lore% 85 Gallery% 89 Achievement% 80 Wizard Run 0 Options --------- ASCII 1 Keyboard 1 Movement Vi Keybinds 1 Fullscreen 2 Font 18/SmallcapsGlow Map View 76x50 Tactical HUD 1 Map Filters NONE Filters NONE Steam 1 RUN: ce2f28a5-20f5-469d-b4a9-79bc3853f223